Map: Orbital Shipyard

Players

Trizztein

  • Race: Terran Terran
  • League: Platinum

Flaccid - Winner!

  • Race: Zerg Zerg
  • League: Diamond

VOD

Have the link to the VOD?

Description

Time

  • Played on: Dec. 30, 2015, 7:33 a.m.
  • Length: 16:23
Show
View Real Time Build Order
Export as new Build Order

Trizztein Terran 

Build Orders: Reaper Expand, Hellion Banshee, Mech 

Get SALT Encoding   

  12  0:01  SCV  
  13  0:13  SCV  
  14  0:18  Supply Depot  
  14  0:25  SCV  
  15  0:39  SCV  
  15  0:40  Barracks  
  16  0:44  Refinery  
  16  0:51  SCV  
  17  1:03  SCV  
  18  1:15  SCV  
  19  1:28  Orbital Command  
  19  1:29  Reaper  
  20  1:43  Command Center  
  20  1:50  Supply Depot  
  20  1:54  SCV  
  21  2:03  Marine  
  21  2:06  SCV  
  23  2:12  Factory  
  23  2:18  SCV, Refinery  
  24  2:30  Barracks Reactor, SCV  
  25  2:42  SCV  
  26  2:56  Starport  
  26  3:00  Orbital Command  
  26  3:02  SCV  
  27  3:12  Hellion x2  
  31  3:14  SCV  
  31  3:19  Barracks Tech Lab  
  32  3:20  Supply Depot  
  32  3:26  SCV  
  33  3:29  SCV  
  34  3:38  SCV  
  39  3:41  Hellion x2  
  39  3:46  SCV  
  40  3:49  Cloaking Field  
  40  3:50  Banshee, SCV  
  44  3:57  Supply Depot  
  44  3:59  SCV  
  44  4:02  SCV  
  46  4:03  Supply Depot  
  46  4:04  Hellion  
  48  4:11  SCV  
  49  4:22  SCV  
  49  4:23  SCV  
  49  4:24  Command Center  
  51  4:28  Widow Mine  
  51  4:29  Hellion  
  54  4:38  SCV x2  
  53  4:45  Refinery  
  53  4:46  Refinery  
  53  4:51  Hellion  
  56  4:52  SCV  
  56  4:53  SCV  
  55  5:05  SCV x2  
  49  5:15  Banshee  
  49  5:17  SCV x2  
  54  5:26  Hellion x2  
  58  5:29  SCV x2  
  60  5:38  Factory  
  60  5:40  Factory  
  60  5:42  Armory  
  60  5:48  Armory  
  57  5:53  SCV x2  
  57  5:56  Orbital Command  
  59  6:00  Supply Depot  
  59  6:01  Banshee  
  62  6:05  SCV x2  
  64  6:11  Barracks Tech Lab  
  64  6:14  Engineering Bay  
  64  6:17  SCV  
  65  6:26  Hellion x3  
  65  6:27  Hellion x2  
  65  6:32  Orbital Command  
  65  6:52  SCV x2  
  67  7:02  Siege Tank  
  67  7:04  SCV x2, Starport Reactor  
  67  7:05  Terran Vehicle And Ship Armor Level 1, Terran Vehicle Weapons Level 1  
  67  7:07  Siege Tank  
  67  7:08  Hellion x2  
  79  7:09  SCV  
  80  7:16  SCV x2  
  80  7:17  Supply Depot x3  
  80  7:21  SCV  
  83  7:24  Infernal Pre-Igniter  
  83  7:25  Liberator x2  
  83  7:28  SCV x2  
  83  7:29  Hellion x2  
  89  7:31  Refinery  
  89  7:34  SCV  
  89  7:36  Supply Depot, Refinery  
  93  7:40  SCV  
  97  7:53  Factory Tech Lab, Hellion x3  
  103  7:59  Supply Depot  
  103  8:00  Supply Depot  
  103  8:03  Missile Turret  
  103  8:04  Missile Turret  
  103  8:06  Missile Turret  
  103  8:08  Liberator x2  
  103  8:09  SCV x3  
  103  8:12  Hellion  
  108  8:14  Siege Tank  
  108  8:15  Hellion  
  113  8:21  SCV x3  
  113  8:26  Supply Depot, Missile Turret  
  122  8:28  Hellion  
  122  8:29  Supply Depot  
  122  8:33  Siege Tank  
  127  8:36  Hellion  
  127  8:41  SCV x3  
  132  8:47  Siege Tank  
  135  8:50  Liberator  
  135  8:53  SCV x2  
  135  8:55  SCV  
  138  9:00  Command Center  
  138  9:04  Command Center  
  138  9:05  SCV x2, Siege Tank  
  138  9:07  SCV  
  138  9:09  Terran Vehicle And Ship Armor Level 2, Terran Vehicle Weapons Level 2  
  147  9:10  Supply Depot x2  
  147  9:17  SCV  
  147  9:19  Siege Tank  
  147  9:24  SCV x2  
  153  9:28  Hellion x2  
  153  9:29  Supply Depot x2  
  157  9:32  Supply Depot  
  157  9:35  Factory  
  157  9:38  Siege Tank  
  160  9:39  Factory  
  160  9:40  Barracks Reactor  
  160  9:50  Hellion x2  
  160  9:51  SCV x3  
  167  9:55  Hellion  
  166  10:10  Siege Tank  
  166  10:13  SCV x2  
  168  10:16  Siege Tank  
  168  10:19  Planetary Fortress  
  171  10:32  SCV  
  171  10:33  SCV x2  
  174  10:43  Starport  
  174  10:45  SCV x2, Refinery, Starport  
  174  10:46  Planetary Fortress, Starport  
  174  10:47  Starport  
  174  10:48  Refinery  
  176  10:50  SCV  
  176  10:57  SCV x2  
  178  11:02  SCV  
  180  11:09  SCV x2  
  180  11:10  Factory Tech Lab  
  182  11:17  Hellion x2  
  182  11:18  Hellion x2, Siege Tank x2  
  196  11:22  Starport Tech Lab  
  196  11:23  Starport Tech Lab x2  
  196  11:27  Missile Turret  
  196  11:35  Terran Ship Weapons Level 1  
  196  11:36  Terran Vehicle Weapons Level 3  
  196  11:50  Siege Tank  
  199  12:08  SCV  
  200  12:14  Fusion Core  
  190  12:26  Liberator x2  
  184  12:32  Hellion  
  184  12:36  Hellion x3  
  184  12:37  Hellion  
  198  13:05  SCV x2  
  200  13:22  Liberator x3  
  200  13:23  Liberator  
  192  13:50  Battlecruiser  
  155  14:05  Liberator x2  
  155  14:08  Command Center  
  152  14:11  Command Center  
  152  14:13  Battlecruiser  
  158  14:18  Liberator  
  164  14:35  Banshee  
  158  14:47  Liberator  
  152  14:54  Banshee  
  152  14:55  Liberator  
  145  15:08  SCV  
  146  15:16  Banshee  
  129  15:40  Viking  
  126  15:47  Viking  
Show
View Real Time Build Order
Export as new Build Order

Flaccid Zerg - Winner!

Build Orders: Hatch First 

Get SALT Encoding   

  12  0:01  Drone  
  13  0:12  Overlord  
  13  0:17  Drone  
  14  0:31  Drone x2  
  16  0:36  Drone  
  17  0:53  Hatchery  
  16  1:06  Spawning Pool  
  16  1:09  Drone  
  16  1:13  Drone  
  16  1:16  Drone  
  18  1:21  Drone  
  19  1:43  Hatchery  
  19  1:46  Drone x2  
  20  1:50  Extractor  
  19  1:56  Queen  
  19  2:00  Drone  
  22  2:09  Queen  
  24  2:18  Drone  
  24  2:19  Drone x2  
  27  2:24  Overlord  
  26  2:41  Drone x2  
  28  2:55  Queen  
  28  2:56  Drone x3  
  28  2:57  Overlord  
  33  3:04  Drone x2  
  35  3:10  Drone x3  
  38  3:13  Metabolic Boost  
  38  3:22  Zergling x4  
  38  3:25  Spine Crawler  
  39  3:44  Drone x2  
  39  3:46  Drone  
  42  3:49  Drone x2  
  42  3:53  Lair  
  44  3:57  Extractor  
  44  3:58  Extractor  
  44  3:59  Drone x2  
  44  4:00  Extractor  
  44  4:02  Drone x4  
  47  4:03  Overlord x2  
  47  4:08  Drone  
  48  4:13  Overlord  
  48  4:15  Drone  
  48  4:16  Drone  
  50  4:29  Drone x4  
  53  4:41  Zergling x8  
  56  4:46  Zergling x6  
  42  5:09  Drone x3  
  44  5:16  Drone x2, Overlord  
  44  5:18  Drone x2  
  48  5:22  Evolution Chamber  
  48  5:24  Evolution Chamber  
  48  5:25  Hydralisk Den  
  42  5:31  Drone  
  42  5:35  Overseer  
  41  5:46  Drone  
  41  5:47  Drone x6  
  41  5:48  Overlord  
  48  5:52  Zerg Missile Weapons Level 1  
  48  5:53  Zerg Ground Armor Level 1  
  48  5:55  Pneumatized Carapace  
  48  5:59  Drone x2  
  48  6:00  Drone  
  51  6:07  Drone  
  51  6:09  Drone  
  53  6:24  Drone  
  49  6:28  Drone x2  
  51  6:35  Drone x2, Muscular Augments  
  51  6:36  Infestation Pit  
  51  6:37  Drone x2  
  51  6:38  Drone x2  
  51  6:39  Zergling x2  
  56  6:58  Drone x2  
  56  6:59  Overlord x2  
  57  7:01  Hydralisk  
  57  7:02  Hydralisk x5  
  69  7:13  Hydralisk x2  
  73  7:16  Zergling x4  
  73  7:17  Zergling x6  
  73  7:18  Queen, Zergling x4  
  73  7:20  Extractor  
  81  7:23  Extractor  
  81  7:26  Drone x2  
  81  7:27  Drone  
  81  7:28  Drone  
  81  7:29  Overlord x2  
  84  7:34  Drone  
  85  7:37  Drone  
  85  7:38  Drone  
  85  7:39  Drone  
  88  7:46  Drone x2  
  88  7:47  Zergling x4  
  88  7:49  Zerg Missile Weapons Level 2  
  92  7:54  Spire  
  91  8:08  Hydralisk x3  
  91  8:10  Overlord  
  91  8:11  Lurker Den  
  97  8:13  Overlord  
  97  8:17  Drone  
  98  8:22  Hydralisk x3  
  104  8:34  Hydralisk x2  
  104  8:35  Hydralisk x2  
  112  8:51  Hatchery  
  111  8:57  Hydralisk x2  
  112  9:20  Hatchery  
  111  9:29  Hive  
  111  9:30  Zerg Flyer Weapons Level 1  
  111  9:33  Zergling x6  
  111  9:34  Drone, Spire  
  111  9:35  Drone x2  
  107  9:53  Hatchery  
  106  10:02  Drone x2  
  106  10:03  Overseer  
  106  10:26  Overseer  
  106  10:28  Overlord  
  106  10:29  Drone x3, Overlord  
  106  10:30  Overlord  
  106  10:31  Drone x2  
  111  10:37  Extractor x2  
  109  10:46  Greater Spire  
  109  10:51  Queen  
  109  10:55  Drone  
  112  10:57  Drone x2  
  112  10:58  Drone x3  
  117  11:11  Corruptor x4  
  117  11:12  Corruptor x5  
  117  11:13  Corruptor  
  137  11:21  Zergling x10  
  137  11:23  Zergling x6  
  145  11:29  Extractor  
  145  11:30  Zerg Ground Armor Level 2  
  144  11:33  Extractor  
  143  11:49  Corruptor  
  143  11:50  Corruptor x2  
  149  11:57  Zerg Flyer Weapons Level 2  
  149  12:00  Zerg Flyer Armor Level 1  
  149  12:03  Brood Lord  
  149  12:08  Hydralisk  
  143  12:15  Spine Crawler  
  134  12:18  Spine Crawler  
  125  12:25  Drone x5  
  129  12:31  Drone x3  
  129  12:32  Drone  
  129  12:33  Drone x2, Overlord x3  
  129  12:34  Queen  
  137  12:45  Brood Lord x2  
  137  12:48  Drone x2  
  143  12:53  Drone  
  144  13:09  Brood Lord x2  
  147  13:16  Corruptor x2  
  129  14:02  Corruptor  
  129  14:03  Corruptor x2  
  129  14:04  Drone x2  
  129  14:05  Drone  
  129  14:07  Spine Crawler  
  129  14:08  Spine Crawler  
  136  14:12  Corruptor x2  
  136  14:13  Corruptor x2  
  142  14:31  Lurker x2  
  144  14:32  Corruptor x2  
  138  14:52  Corruptor  
  101  15:23  Zergling x2  
  101  15:24  Zergling x22  
  101  15:25  Zergling x2  
  108  15:39  Zergling x2  
  108  15:40  Zergling x6  
  108  15:42  Drone x2  
  114  15:44  Drone  
  114  15:45  Drone  
  116  15:50  Drone  
Tags
 
Add a new tag
Caveats
  • Supply blocks, unpowered buildings, or Contaminate may cause inaccurate times.
  • Supply counts are checked every 10 seconds.